Workbook
Name AreaTeste: #REF!
Name AreaTeste: #REF!
Name AreaTeste2: #REF!
Name AreaTeste2: #REF!
Name bloco: #REF!
Name bloco: #REF!
Name CélulaInicioPlanilha: #REF!
Name CélulaInicioPlanilha: #REF!
Name CélulaResumo: #REF!
Name CélulaResumo: #REF!
Name COMPOS: [1]Sinapi!$A$3:$D$4139
Name FONTES: [2]Orçamento!$V$2:$V$11
Name FONTES: [3]Orçamento!$V$2:$V$11
Name ITENS: [2]Orçamento!$S$2:$S$5
Name ITENS: [3]Orçamento!$S$2:$S$5
Name NCOMPOSICOES: 15
Name NCOTACOES: 15
Name Print_Area: 'CRONOGRAMA FF'!$A$1:$O$225
Name Print_Titles: 'CRONOGRAMA FF'!$A:$D,'CRONOGRAMA FF'!$1:$10
Name Sub_Total_B: #REF!
Name Sub_Total_B: #REF!
Name Sub_Total_C: #REF!
Name Sub_Total_C: #REF!
Name Sub_Total_D: #REF!
Name Sub_Total_D: #REF!
Name Sub_Total_E: #REF!
Name Sub_Total_E: #REF!
Name Sub_Total_F: #REF!
Name Sub_Total_F: #REF!
Name Sub_Total_G: #REF!
Name Sub_Total_G: #REF!

Sheet PLANILHA ORÇAMENTÁRIA
A1: INSERIR LOGO DA EMPRESA | B1: PREENCHER - NOME DA EMPRESA
B2: PREENCHER - CNPJ
B3: PREENCHER - ENDEREÇO / TELEFONE / E-MAIL
A6: =[3]Orçamento!G26 -> LOCAL: DIVERSOS LOCAIS DO MUNICÍPIO DE AMPARO-SP
A7: =[3]Orçamento!G27 -> ENDEREÇO: MUNICÍPIO DE AMPARO-SP
A8: =[3]Orçamento!G28 -> OBRA: RECUPERAÇÃO ESTRUTURAL E REFORMA DE EQUIPAMENTOS DE ABASTECIMENTO DE ÁGUA
A11: ITEM | B11: INSUMOS / MATERIAIS / SERVIÇOS | C11: UNID. | D11: QUANTIDADE | E11: PREÇO UNITÁRIO LICITAÇÃO | F11: PREÇO UNITÁRIO | G11: PREÇO TOTAL | H11: APLICAR DESCONTO GLOBAL (%)
A12: 1 | B12: RECALQUE MOREIRINHA | E12: 22746.24 | F12: =IF(D12="","",ROUND(IF(#REF!<>0,E12*(1-#REF!),IF(E12="","",E12*(1-$H$12))),2)) | G12: =E12*(1-$H$12) -> 22746.24 | H12: 0
B13: SERVIÇOS PRELIMINARES
A14: 1.1 | B14: REMOÇÃO DE ENTULHO DE OBRA COM CAÇAMBA METÁLICA - MATERIAL VOLUMOSO E MISTURADO POR ALVENARIA, TERRA, MADEIRA, PAPEL, PLÁSTICO E METAL | C14: M3 | D14: 12 | E14: 164.71 | F14: =E14*(1-$H$12) -> 164.71 | G14: =D14*F14 -> 1976.52
B15: GRADIL E PORTÃO | F15: =E15*(1-$H$12) -> #VALUE!
A16: 1.2 | B16: REMOÇÃO DE TELA DE ARAME GALVANIZADO DE ALAMBRADOS PARA QUADRAS POLIESPORTIVAS, DE FORMA MANUAL, SEM REMOÇÃO DA ESTRUTURA DE SUSTENTAÇÃO, SEM REAPROVEITAMENTO. AF_09/2023 | C16: M2 | D16: 23.85 | E16: 16.24 | F16: =E16*(1-$H$12) -> 16.24 | G16: =D16*F16 -> 387.324
A17: 1.3 | B17: RETIRADA DE POSTE OU SISTEMA DE SUSTENTAÇÃO PARA ALAMBRADO OU FECHAMENTO | C17: UN | D17: 8 | E17: 36.9 | F17: =E17*(1-$H$12) -> 36.9 | G17: =D17*F17 -> 295.2
A18: 1.4 | B18: CERCA EM TELA DE AÇO GALVANIZADO DE 2´, MONTANTES EM MOURÕES DE CONCRETO COM PONTA INCLINADA E ARAME FARPADO | C18: M | D18: 10.85 | E18: 271.03 | F18: =E18*(1-$H$12) -> 271.03 | G18: =D18*F18 -> 2940.6755
A19: 1.5 | B19: REMOÇÃO DE PORTAS, DE FORMA MANUAL, SEM REAPROVEITAMENTO. AF_09/2023 | C19: M2 | D19: 6 | E19: 16.68 | F19: =E19*(1-$H$12) -> 16.68 | G19: =D19*F19 -> 100.08
A20: 1.6 | B20: PORTÃO TUBULAR EM TELA DE AÇO GALVANIZADO ATÉ 2,50 M DE ALTURA, COMPLETO | C20: M2 | D20: 8.36 | E20: 1312.83 | F20: =E20*(1-$H$12) -> 1312.83 | G20: =D20*F20 -> 10975.259
A21: 1.7 | B21: PINTURA LÁTEX ACRÍLICA PREMIUM, APLICAÇÃO MANUAL EM PAREDES, DUAS DEMÃOS. AF_04/2023 | C21: M2 | D21: 10 | E21: 18.96 | F21: =E21*(1-$H$12) -> 18.96 | G21: =D21*F21 -> 189.6
B22: ESQUADRIAS | F22: =E22*(1-$H$12) -> #VALUE!
A23: 1.8 | B23: LIMPEZA DE JANELA DE VIDRO COM CAIXILHO EM AÇO/ALUMÍNIO/PVC. AF_04/2019 | C23: M2 | D23: 1.26 | E23: 5 | F23: =E23*(1-$H$12) -> 5 | G23: =D23*F23 -> 6.3
A24: 1.9 | B24: INSTALAÇÃO DE VIDRO LISO INCOLOR, E = 4 MM, EM ESQUADRIA DE ALUMÍNIO OU PVC, FIXADO COM BAGUETE. AF_01/2021_PS | C24: M2 | D24: 0.16 | E24: 431.48 | F24: =E24*(1-$H$12) -> 431.48 | G24: =D24*F24 -> 69.0368
A25: 1.10 | B25: PINTURA COM TINTA ALQUÍDICA DE ACABAMENTO (ESMALTE SINTÉTICO FOSCO) APLICADA A ROLO OU PINCEL SOBRE SUPERFÍCIES METÁLICAS (EXCETO PERFIL) EXECUTADO EM OBRA (02 DEMÃOS). AF_01/2020 | C25: M2 | D25: 3.52 | E25: 78.74 | F25: =E25*(1-$H$12) -> 78.74 | G25: =D25*F25 -> 277.1648
B26: PAREDES E TETO - INTERNO | F26: =E26*(1-$H$12) -> #VALUE!
A27: 1.11 | B27: PINTURA LÁTEX ACRÍLICA PREMIUM, APLICAÇÃO MANUAL EM PAREDES, DUAS DEMÃOS. AF_04/2023 | C27: M2 | D27: 88.77 | E27: 18.96 | F27: =E27*(1-$H$12) -> 18.96 | G27: =D27*F27 -> 1683.0792
B28: PISO INTERNO | F28: =E28*(1-$H$12) -> #VALUE!
A29: 1.12 | B29: LIMPEZA DE PISO CERÂMICO OU PORCELANATO UTILIZANDO DETERGENTE NEUTRO E ESCOVAÇÃO MANUAL. AF_04/2019 | C29: M2 | D29: 19.04 | E29: 9.65 | F29: =E29*(1-$H$12) -> 9.65 | G29: =D29*F29 -> 183.736
B30: PAREDES EXTERNAS | F30: =E30*(1-$H$12) -> #VALUE!
A31: 1.13 | B31: PINTURA LÁTEX ACRÍLICA PREMIUM, APLICAÇÃO MANUAL EM PAREDES, DUAS DEMÃOS. AF_04/2023 | C31: M2 | D31: 59.22 | E31: 18.96 | F31: =E31*(1-$H$12) -> 18.96 | G31: =D31*F31 -> 1122.8112
A32: 1.14 | B32: SINALIZAÇÃO COM PICTOGRAMA EM TINTA ACRÍLICA | C32: UN | D32: 2 | E32: 94.75 | F32: =E32*(1-$H$12) -> 94.75 | G32: =D32*F32 -> 189.5
B33: SUPORTE RESERVATÓRIO 10M³ | F33: =E33*(1-$H$12) -> #VALUE!
A34: 1.15 | B34: CHAPISCO APLICADO EM ALVENARIA (SEM PRESENÇA DE VÃOS) E ESTRUTURAS DE CONCRETO DE FACHADA, COM COLHER DE PEDREIRO. ARGAMASSA TRAÇO 1:3 COM PREPARO EM BETONEIRA 400L. AF_10/2022 | C34: M2 | D34: 6.02 | E34: 10.3 | F34: =E34*(1-$H$12) -> 10.3 | G34: =D34*F34 -> 62.006
A35: 1.16 | B35: EMBOÇO OU MASSA ÚNICA EM ARGAMASSA TRAÇO 1:2:8, PREPARO MECÂNICO COM BETONEIRA 400 L, APLICADA MANUALMENTE EM PANOS CEGOS DE FACHADA (SEM PRESENÇA DE VÃOS), ESPESSURA DE 25 MM. AF_08/2022 | C35: M2 | D35: 6.02 | E35: 56.75 | F35: =E35*(1-$H$12) -> 56.75 | G35: =D35*F35 -> 341.635
A36: 1.17 | B36: APLICAÇÃO MANUAL DE FUNDO SELADOR ACRÍLICO EM PAREDES EXTERNAS DE CASAS. AF_03/2024 | C36: M2 | D36: 6.02 | E36: 7.41 | F36: =E36*(1-$H$12) -> 7.41 | G36: =D36*F36 -> 44.6082
A37: 1.18 | B37: PINTURA LÁTEX ACRÍLICA PREMIUM, APLICAÇÃO MANUAL EM PAREDES, DUAS DEMÃOS. AF_04/2023 | C37: M2 | D37: 6.02 | E37: 18.96 | F37: =E37*(1-$H$12) -> 18.96 | G37: =D37*F37 -> 114.1392
A38: 1.19 | B38: LIMPEZA E DESOBSTRUÇÃO DE CANALETAS OU TUBULAÇÕES DE ÁGUAS PLUVIAIS | C38: M | D38: 3.68 | E38: 15.74 | F38: =E38*(1-$H$12) -> 15.74 | G38: =D38*F38 -> 57.9232
A39: 1.20 | B39: REGULARIZAÇÃO DE PISO COM NATA DE CIMENTO | C39: M2 | D39: 36.8 | E39: 39.96 | F39: =E39*(1-$H$12) -> 39.96 | G39: =D39*F39 -> 1470.528
B40: SERVIÇOS FINAIS | F40: =E40*(1-$H$12) -> #VALUE!
A41: 1.21 | B41: PLACA DE IDENTIFICAÇÃO EM PVC COM TEXTO EM VINIL | C41: M2 | D41: 0.48 | E41: 433.05 | F41: =E41*(1-$H$12) -> 433.05 | G41: =D41*F41 -> 207.864
A42: 1.22 | B42: NUMERO / ALGARISMO PARA RESIDENCIA (FACHADA), EM ZAMAC, COM ALTURA DE APROX 125 MM, INCLUSIVE PARAFUSOS | C42: UN | D42: 3 | E42: 17.08 | F42: =E42*(1-$H$12) -> 17.08 | G42: =D42*F42 -> 51.24
A43: 2 | B43: RECALQUE JARDIM DAS AVES | G43: =SUM(G44:G83) -> 26601.207
B44: SERVIÇOS PRELIMINARES
A45: 2.1 | B45: REMOÇÃO DE ENTULHO DE OBRA COM CAÇAMBA METÁLICA - MATERIAL VOLUMOSO E MISTURADO POR ALVENARIA, TERRA, MADEIRA, PAPEL, PLÁSTICO E METAL | C45: M3 | D45: 6 | E45: 164.71 | F45: =E45*(1-$H$12) -> 164.71 | G45: =D45*F45 -> 988.26
A46: 2.2 | B46: KIT CAVALETE PARA MEDIÇÃO DE ÁGUA - ENTRADA INDIVIDUALIZADA, EM CPVC DN 28 MM (1"), PARA 1 MEDIDOR - FORNECIMENTO E INSTALAÇÃO (EXCLUSIVE HIDRÔMETRO). AF_03/2024 | C46: UN | D46: 1 | E46: 777.75 | F46: =E46*(1-$H$12) -> 777.75 | G46: =D46*F46 -> 777.75
B47: ALAMBRADOS E PORTÃO | F47: =E47*(1-$H$12) -> #VALUE!
A48: 2.3 | B48: REMOÇÃO DE TELA DE ARAME GALVANIZADO DE ALAMBRADOS PARA QUADRAS POLIESPORTIVAS, DE FORMA MANUAL, SEM REMOÇÃO DA ESTRUTURA DE SUSTENTAÇÃO, SEM REAPROVEITAMENTO. AF_09/2023 | C48: M2 | D48: 44.96 | E48: 16.24 | F48: =E48*(1-$H$12) -> 16.24 | G48: =D48*F48 -> 730.1504
A49: 2.4 | B49: RETIRADA DE POSTE OU SISTEMA DE SUSTENTAÇÃO PARA ALAMBRADO OU FECHAMENTO | C49: UN | D49: 15 | E49: 36.9 | F49: =E49*(1-$H$12) -> 36.9 | G49: =D49*F49 -> 553.5
A50: 2.5 | B50: REMOÇÃO DE PORTAS, DE FORMA MANUAL, SEM REAPROVEITAMENTO. AF_09/2023 | C50: M2 | D50: 2.1 | E50: 16.68 | F50: =E50*(1-$H$12) -> 16.68 | G50: =D50*F50 -> 35.028
A51: 2.6 | B51: CERCA EM TELA DE AÇO GALVANIZADO DE 2´, MONTANTES EM MOURÕES DE CONCRETO COM PONTA INCLINADA E ARAME FARPADO | C51: M | D51: 28.1 | E51: 271.03 | F51: =E51*(1-$H$12) -> 271.03 | G51: =D51*F51 -> 7615.943
A52: 2.7 | B52: PORTÃO TUBULAR EM TELA DE AÇO GALVANIZADO ATÉ 2,50 M DE ALTURA, COMPLETO | C52: M2 | D52: 2.2 | E52: 1312.83 | F52: =E52*(1-$H$12) -> 1312.83 | G52: =D52*F52 -> 2888.226
A53: 2.8 | B53: PINTURA LÁTEX ACRÍLICA PREMIUM, APLICAÇÃO MANUAL EM PAREDES, DUAS DEMÃOS. AF_04/2023 | C53: M2 | D53: 12.6 | E53: 18.96 | F53: =E53*(1-$H$12) -> 18.96 | G53: =D53*F53 -> 238.896
A54: 2.9 | B54: PINTURA COM TINTA ALQUÍDICA DE ACABAMENTO (ESMALTE SINTÉTICO ACETINADO) PULVERIZADA SOBRE SUPERFÍCIES METÁLICAS (EXCETO PERFIL) EXECUTADO EM OBRA (02 DEMÃOS). AF_01/2020_PE | C54: M2 | D54: 4.4 | E54: 77.11 | F54: =E54*(1-$H$12) -> 77.11 | G54: =D54*F54 -> 339.284
B55: ESQUADRIAS | F55: =E55*(1-$H$12) -> #VALUE!
A56: 2.10 | B56: LIMPEZA COMPLEMENTAR E ESPECIAL DE VIDROS | C56: M2 | D56: 1.28 | E56: 21.29 | F56: =E56*(1-$H$12) -> 21.29 | G56: =D56*F56 -> 27.2512
A57: 2.11 | B57: REMOÇÃO DE PORTAS, DE FORMA MANUAL, SEM REAPROVEITAMENTO. AF_09/2023 | C57: M2 | D57: 1.8 | E57: 16.68 | F57: =E57*(1-$H$12) -> 16.68 | G57: =D57*F57 -> 30.024
A58: 2.12 | B58: PORTA/PORTÃO DE ABRIR EM CHAPA, SOB MEDIDA | C58: M2 | D58: 1.8 | E58: 1298.76 | F58: =E58*(1-$H$12) -> 1298.76 | G58: =D58*F58 -> 2337.768
A59: 2.13 | B59: PINTURA COM TINTA ALQUÍDICA DE FUNDO (TIPO ZARCÃO) APLICADA A ROLO OU PINCEL SOBRE SUPERFÍCIES METÁLICAS (EXCETO PERFIL) EXECUTADO EM OBRA (POR DEMÃO). AF_01/2020 | C59: M2 | D59: 3.6 | E59: 38.69 | F59: =E59*(1-$H$12) -> 38.69 | G59: =D59*F59 -> 139.284
A60: 2.14 | B60: PINTURA COM TINTA ALQUÍDICA DE ACABAMENTO (ESMALTE SINTÉTICO ACETINADO) PULVERIZADA SOBRE SUPERFÍCIES METÁLICAS (EXCETO PERFIL) EXECUTADO EM OBRA (02 DEMÃOS). AF_01/2020_PE | C60: M2 | D60: 3.6 | E60: 77.11 | F60: =E60*(1-$H$12) -> 77.11 | G60: =D60*F60 -> 277.596
A61: 2.15 | B61: TELA DE PROTEÇÃO EM MALHA ONDULADA DE 1´, FIO 12 (BWG), COM REQUADRO | C61: M2 | D61: 2.05 | E61: 761.35 | F61: =E61*(1-$H$12) -> 761.35 | G61: =D61*F61 -> 1560.7675
B62: PAREDES E TETO - INTERNO | F62: =E62*(1-$H$12) -> #VALUE!
A63: 2.16 | B63: REMOÇÃO DE PINTURA EM MASSA COM LIXAMENTO | C63: M2 | D63: 35.37 | E63: 8.76 | F63: =E63*(1-$H$12) -> 8.76 | G63: =D63*F63 -> 309.8412
A64: 2.17 | B64: APLICAÇÃO MANUAL DE FUNDO SELADOR ACRÍLICO EM PAREDES EXTERNAS DE CASAS. AF_03/2024 | C64: M2 | D64: 35.37 | E64: 7.41 | F64: =E64*(1-$H$12) -> 7.41 | G64: =D64*F64 -> 262.0917
A65: 2.18 | B65: PINTURA LÁTEX ACRÍLICA PREMIUM, APLICAÇÃO MANUAL EM PAREDES, DUAS DEMÃOS. AF_04/2023 | C65: M2 | D65: 35.37 | E65: 18.96 | F65: =E65*(1-$H$12) -> 18.96 | G65: =D65*F65 -> 670.6152
B66: PAREDES EXTERNAS | F66: =E66*(1-$H$12) -> #VALUE!
A67: 2.19 | B67: PINTURA LÁTEX ACRÍLICA PREMIUM, APLICAÇÃO MANUAL EM PAREDES, DUAS DEMÃOS. AF_04/2023 | C67: M2 | D67: 31.2 | E67: 18.96 | F67: =E67*(1-$H$12) -> 18.96 | G67: =D67*F67 -> 591.552
B68: COBERTURA | F68: =E68*(1-$H$12) -> #VALUE!
A69: 2.20 | B69: LIMPEZA DE SUPERFÍCIE COM HIDROJATEAMENTO | C69: M2 | D69: 12.78 | E69: 9.85 | F69: =E69*(1-$H$12) -> 9.85 | G69: =D69*F69 -> 125.883
A70: 2.21 | B70: LIMPEZA COMPLEMENTAR E ESPECIAL DE PISO COM PRODUTOS QUÍMICOS | C70: M2 | D70: 12.78 | E70: 8.36 | F70: =E70*(1-$H$12) -> 8.36 | G70: =D70*F70 -> 106.8408
A71: 2.22 | B71: ARGAMASSA DE REGULARIZAÇÃO E/OU PROTEÇÃO | C71: M3 | D71: 0.22 | E71: 1038.71 | F71: =E71*(1-$H$12) -> 1038.71 | G71: =D71*F71 -> 228.5162
A72: 2.23 | B72: IMPERMEABILIZAÇÃO DE SUPERFÍCIE COM ARGAMASSA POLIMÉRICA / MEMBRANA ACRÍLICA, 3 DEMÃOS. AF_09/2023 | C72: M2 | D72: 12.78 | E72: 46.08 | F72: =E72*(1-$H$12) -> 46.08 | G72: =D72*F72 -> 588.9024
B73: HIDRÁULICA | F73: =E73*(1-$H$12) -> #VALUE!
A74: 2.24 | B74: LIMPEZA DE CAIXA D´ÁGUA DE 1.001 ATÉ 10.000 LITROS | C74: UN | D74: 1 | E74: 227.1 | F74: =E74*(1-$H$12) -> 227.1 | G74: =D74*F74 -> 227.1
A75: 2.25 | B75: RESERVATÓRIO EM POLIETILENO COM TAMPA DE ENCAIXAR - CAPACIDADE DE 10.000 LITROS | C75: UN | D75: 0.15 | E75: 7088.69 | F75: =E75*(1-$H$12) -> 7088.69 | G75: =D75*F75 -> 1063.3035
A76: 2.26 | B76: REMOÇÃO DE PINTURA EM SUPERFÍCIES DE MADEIRA E/OU METÁLICAS COM LIXAMENTO | C76: M2 | D76: 2.5 | E76: 12.91 | F76: =E76*(1-$H$12) -> 12.91 | G76: =D76*F76 -> 32.275
A77: 2.27 | B77: PINTURA COM TINTA ALQUÍDICA DE ACABAMENTO (ESMALTE SINTÉTICO ACETINADO) APLICADA A ROLO OU PINCEL SOBRE SUPERFÍCIES METÁLICAS (EXCETO PERFIL) EXECUTADO EM OBRA (02 DEMÃOS). AF_01/2020 | C77: M2 | D77: 5.3 | E77: 79.03 | F77: =E77*(1-$H$12) -> 79.03 | G77: =D77*F77 -> 418.859
B78: ÁREA EXTERNA E CALÇADA | F78: =E78*(1-$H$12) -> #VALUE!
A79: 2.28 | B79: LIMPEZA MANUAL DE VEGETAÇÃO EM TERRENO COM ENXADA. AF_03/2024 | C79: M2 | D79: 55.96 | E79: 8.21 | F79: =E79*(1-$H$12) -> 8.21 | G79: =D79*F79 -> 459.4316
A80: 2.29 | B80: ARGAMASSA DE REGULARIZAÇÃO E/OU PROTEÇÃO | C80: M3 | D80: 1.12 | E80: 1038.71 | F80: =E80*(1-$H$12) -> 1038.71 | G80: =D80*F80 -> 1163.3552
A81: 2.30 | B81: EXECUÇÃO DE PASSEIO (CALÇADA) OU PISO DE CONCRETO COM CONCRETO MOLDADO IN LOCO, FEITO EM OBRA, ACABAMENTO CONVENCIONAL, ESPESSURA 6 CM, ARMADO. AF_08/2022 | C81: M2 | D81: 18.2 | E81: 93.9 | F81: =E81*(1-$H$12) -> 93.9 | G81: =D81*F81 -> 1708.98
B82: SERVIÇOS FINAIS | F82: =E82*(1-$H$12) -> #VALUE!
A83: 2.31 | B83: PLACA DE IDENTIFICAÇÃO EM PVC COM TEXTO EM VINIL | C83: M2 | D83: 0.24 | E83: 433.05 | F83: =E83*(1-$H$12) -> 433.05 | G83: =D83*F83 -> 103.932
A84: 3 | B84: RESERVATÓRIO PINHEIRINHO CIRCULAR | E84: 122329.23 | G84: =E84*(1-$H$12) -> 122329.23
B85: EXECUÇÃO DE ALAMBRADO DE FECHAMENTO (REPOSIÇÃO DO ENTELAMENTO DA ÁREA DOS RESERVATÓRIOS) | F85: =E85*(1-$H$12) -> #VALUE!
A86: 3.1 | B86: CERCAS DE TELA TIPO ALAMBRADO - ARAME GALVANIZADO | C86: M | D86: 8 | E86: 396.31 | F86: =E86*(1-$H$12) -> 396.31 | G86: =D86*F86 -> 3170.48
A87: 3.2 | B87: PINTURA EM LÁTEX PVA, SEM MASSA CORRIDA | C87: M2 | D87: 35 | E87: 40.25 | F87: =E87*(1-$H$12) -> 40.25 | G87: =D87*F87 -> 1408.75
B88: SERVIÇOS PRELIMINARES | F88: =E88*(1-$H$12) -> #VALUE!
A89: 3.3 | B89: SANITÁRIO PORTÁTIL QUÍMICO INDIVIDUAL LOCAÇÃO (MÊS) | C89: MES | D89: 2 | E89: 1437.5 | F89: =E89*(1-$H$12) -> 1437.5 | G89: =D89*F89 -> 2875
A90: 3.4 | B90: CONTAINER ESCRITÓRIO *(6,00 X 2,30 X 2,20 M) COM BANHEIRO, LOCAÇÃO (MÊS) | C90: MES | D90: 2 | E90: 1130.79 | F90: =E90*(1-$H$12) -> 1130.79 | G90: =D90*F90 -> 2261.58
A91: 3.5 | B91: GERADOR PORTÁTIL A DIESEL POTÊNCIA=10KVA MONOFÁSICO BI-VOLT | C91: H | D91: 150 | E91: 20.46 | F91: =E91*(1-$H$12) -> 20.46 | G91: =D91*F91 -> 3069
B92: PREPARAÇÃO DE SUPERFÍCIES – INTERNO | F92: =E92*(1-$H$12) -> #VALUE!
A93: 3.6 | B93: REMOÇÃO DA IMPERMEABILIZAÇÃO E DA REGULARIZAÇÃO EXISTENTE | C93: M2 | D93: 179.5 | E93: 31.42 | F93: =E93*(1-$H$12) -> 31.42 | G93: =D93*F93 -> 5639.89
A94: 3.7 | B94: HIDROJATEAM. ALTÍSSIMA PRESSÃO C/ÁGUA QUENTE OU FRIA E SOLUÇÃO LIMPADORA ACIMA DE 17 MPA | C94: M2 | D94: 179.5 | E94: 18.45 | F94: =E94*(1-$H$12) -> 18.45 | G94: =D94*F94 -> 3311.775
A95: 3.8 | B95: REGULARIZAÇÃO DE BASE COM ARGAMASSA DE CIMENTO E AREIA | C95: M3 | D95: 3.59 | E95: 845.4 | F95: =E95*(1-$H$12) -> 845.4 | G95: =D95*F95 -> 3034.986
B96: PREPARAÇÃO DE SUPERFÍCIES – EXTERNO | F96: =E96*(1-$H$12) -> #VALUE!
A97: 3.9 | B97: REMOÇÃO DA IMPERMEABILIZAÇÃO E DA REGULARIZAÇÃO EXISTENTE | C97: M2 | D97: 81 | E97: 31.42 | F97: =E97*(1-$H$12) -> 31.42 | G97: =D97*F97 -> 2545.02
A98: 3.10 | B98: HIDROJATEAM. ALTÍSSIMA PRESSÃO C/ÁGUA QUENTE OU FRIA E SOLUÇÃO LIMPADORA ACIMA DE 17 MPA | C98: M2 | D98: 81 | E98: 18.45 | F98: =E98*(1-$H$12) -> 18.45 | G98: =D98*F98 -> 1494.45
A99: 3.11 | B99: REGULARIZAÇÃO DE BASE COM ARGAMASSA DE CIMENTO E AREIA | C99: M3 | D99: 1.62 | E99: 845.4 | F99: =E99*(1-$H$12) -> 845.4 | G99: =D99*F99 -> 1369.548
B100: REPAROS ESTRUTURAIS | F100: =E100*(1-$H$12) -> #VALUE!
A101: 3.12 | B101: TRATAMENTO DE CONCRETO SEGREGADO (BICHEIRAS) POR CRISTALIZAÇÃO OSMÓTICA PROFUNDA, SEM PERCOLAÇÃO DE ÁGUA PELO MÉTODO DE DRY-PACK COM ESPESSURA DE 3 CM | C101: M2 | D101: 10 | E101: 3219.38 | F101: =E101*(1-$H$12) -> 3219.38 | G101: =D101*F101 -> 32193.8
B102: IMPERMEABILIZAÇÃO POR RESINA CIMENTÍCIA – PISO, PAREDES E LAJE | F102: =E102*(1-$H$12) -> #VALUE!
A103: 3.13 | B103: ANDAIMES TUBULARES | C103: M3M | D103: 25 | E103: 32.14 | F103: =E103*(1-$H$12) -> 32.14 | G103: =D103*F103 -> 803.5
A104: 3.14 | B104: IMPERMEABIL.C/RESINA TERMOPLÁSTICA REFORÇADA C/TELA DE POLIÉSTER | C104: M2 | D104: 179.5 | E104: 103.4 | F104: =E104*(1-$H$12) -> 103.4 | G104: =D104*F104 -> 18560.3
...

Sheet CRONOGRAMA FF
A1: INSERIR LOGO DA EMPRESA | B1: PREENCHER - NOME DA EMPRESA
B2: PREENCHER - CNPJ
B3: PREENCHER - ENDEREÇO / TELEFONE / E-MAIL
A6: LOCAL: DIVERSOS LOCAIS DO MUNICÍPIO DE AMPARO-SP
A7: =[3]Orçamento!G27 -> ENDEREÇO: MUNICÍPIO DE AMPARO-SP
A8: =[3]Orçamento!G28 -> OBRA: RECUPERAÇÃO ESTRUTURAL E REFORMA DE EQUIPAMENTOS DE ABASTECIMENTO DE ÁGUA
A10: ITEM | B10: INSUMOS / MATERIAIS / SERVIÇOS | C10: PREÇO TOTAL | D10: UNID. | E10: 1º MÊS | F10: 2º MÊS | G10: 3º MÊS | H10: 4º MÊS | I10: 5º MÊS | J10: 6º MÊS | K10: 7º MÊS | L10: 8º MÊS | M10: 9º MÊS | N10: 10º MÊS | O10: 11º MÊS | P10: 12º MÊS
A12: 1 | B12: =VLOOKUP($A12,[3]Orçamento!$G:$R,4,FALSE) -> RECALQUE MOREIRINHA | C12: ='PLANILHA ORÇAMENTÁRIA'!G12 -> 22746.24 | D12: VALOR | E12: =IF(E14="","",($C12*E14)) -> 22746.24 | F12: =IF(F14="","",($C12*F14)) | G12: =IF(G14="","",($C12*G14)) | H12: =IF(H14="","",($C12*H14)) | I12: =IF(I14="","",($C12*I14)) | J12: =IF(J14="","",($C12*J14)) | K12: =IF(K14="","",($C12*K14)) | L12: =IF(L14="","",($C12*L14)) | M12: =IF(M14="","",($C12*M14)) | O12: =IF(O14="","",($C12*O14)) | P12: =IF(P14="","",($C12*P14))
E13: =E14 -> 1 | F13: =F14 -> 0 | G13: =G14 -> 0 | H13: =H14 -> 0 | I13: =I14 -> 0 | J13: =J14 -> 0 | K13: =K14 -> 0 | L13: =L14 -> 0 | M13: =M14 -> 0 | O13: =O14 -> 0 | P13: =P14 -> 0
D14: % | E14: 1
A16: 2 | B16: =VLOOKUP($A16,[3]Orçamento!$G:$R,4,FALSE) -> RECALQUE JARDIM DAS AVES | C16: ='PLANILHA ORÇAMENTÁRIA'!G43 -> 26601.207 | D16: VALOR | E16: =IF(E18="","",($C16*E18)) -> 14178.443 | F16: =IF(F18="","",($C16*F18)) -> 12422.764 | G16: =IF(G18="","",($C16*G18)) | H16: =IF(H18="","",($C16*H18)) | I16: =IF(I18="","",($C16*I18)) | J16: =IF(J18="","",($C16*J18)) | K16: =IF(K18="","",($C16*K18)) | L16: =IF(L18="","",($C16*L18)) | ... P16: =IF(P18="","",($C16*P18))
E17: =E18 -> 0.533 | F17: =F18 -> 0.467 | G17: =G18 -> 0 | H17: =H18 -> 0 | I17: =I18 -> 0 | J17: =J18 -> 0 | K17: =K18 -> 0 | L17: =L18 -> 0 | ... P17: =P18 -> 0
D18: % | E18: 0.533 | F18: 0.467
A20: 3 | B20: =VLOOKUP($A20,[3]Orçamento!$G:$R,4,FALSE) -> RESERVATÓRIO PINHEIRINHO CIRCULAR | C20: ='PLANILHA ORÇAMENTÁRIA'!G84 -> 122329.23 | D20: VALOR | E20: =IF(E22="","",($C20*E22)) -> 43793.864 | F20: =IF(F22="","",($C20*F22)) -> 78535.366 | G20: =IF(G22="","",($C20*G22)) | H20: =IF(H22="","",($C20*H22)) | I20: =IF(I22="","",($C20*I22)) | J20: =IF(J22="","",($C20*J22)) | N20: =IF(N22="","",($C20*N22)) | O20: =IF(O22="","",($C20*O22)) | P20: =IF(P22="","",($C20*P22))
E21: =E22 -> 0.358 | F21: =F22 -> 0.642 | G21: =G22 -> 0 | H21: =H22 -> 0 | I21: =I22 -> 0 | J21: =J22 -> 0 | N21: =N22 -> 0 | O21: =O22 -> 0 | P21: =P22 -> 0
D22: % | E22: 0.358 | F22: 0.642
A24: 4 | B24: =VLOOKUP($A24,[3]Orçamento!$G:$R,4,FALSE) -> RESERVATÓRIO PINHEIRINHO RETANGULAR | C24: ='PLANILHA ORÇAMENTÁRIA'!G112 -> 169718.03 | D24: VALOR | E24: =IF(E26="","",($C24*E26)) -> 54140.052 | F24: =IF(F26="","",($C24*F26)) -> 115577.98 | G24: =IF(G26="","",($C24*G26)) | H24: =IF(H26="","",($C24*H26)) | I24: =IF(I26="","",($C24*I26)) | J24: =IF(J26="","",($C24*J26)) | N24: =IF(N26="","",($C24*N26)) | O24: =IF(O26="","",($C24*O26)) | P24: =IF(P26="","",($C24*P26))
E25: =E26 -> 0.319 | F25: =F26 -> 0.681 | G25: =G26 -> 0 | H25: =H26 -> 0 | I25: =I26 -> 0 | J25: =J26 -> 0 | N25: =N26 -> 0 | O25: =O26 -> 0 | P25: =P26 -> 0
D26: % | E26: 0.319 | F26: 0.681
A28: 5 | B28: =VLOOKUP($A28,[3]Orçamento!$G:$R,4,FALSE) -> RECALQUE PINHEIRINHO | C28: ='PLANILHA ORÇAMENTÁRIA'!G133 -> 210826.21 | D28: VALOR | E28: =IF(E30="","",($C28*E30)) -> 54393.162 | F28: =IF(F30="","",($C28*F30)) -> 75686.609 | G28: =IF(G30="","",($C28*G30)) -> 80746.438 | H28: =IF(H30="","",($C28*H30)) | I28: =IF(I30="","",($C28*I30)) | J28: =IF(J30="","",($C28*J30)) | K28: =IF(K30="","",($C28*K30)) | L28: =IF(L30="","",($C28*L30)) | ... P28: =IF(P30="","",($C28*P30))
E29: =E30 -> 0.258 | F29: =F30 -> 0.359 | G29: =G30 -> 0.383 | H29: =H30 -> 0 | I29: =I30 -> 0 | J29: =J30 -> 0 | K29: =K30 -> 0 | L29: =L30 -> 0 | ... P29: =P30 -> 0
D30: % | E30: 0.258 | F30: 0.359 | G30: 0.383
A32: 6 | B32: =VLOOKUP($A32,[3]Orçamento!$G:$R,4,FALSE) -> RESERVATÓRIOS JARDIM SILMARA (2 UND) | C32: ='PLANILHA ORÇAMENTÁRIA'!G191 -> 284883.01 | D32: VALOR | E32: =IF(E34="","",($C32*E34)) | F32: =IF(F34="","",($C32*F34)) | G32: =IF(G34="","",($C32*G34)) -> 138738.02 | H32: =IF(H34="","",($C32*H34)) -> 48145.228 | I32: =IF(I34="","",($C32*I34)) -> 97999.754 | J32: =IF(J34="","",($C32*J34)) | N32: =IF(N34="","",($C32*N34)) | O32: =IF(O34="","",($C32*O34)) | P32: =IF(P34="","",($C32*P34))
E33: =E34 -> 0 | F33: =F34 -> 0 | G33: =G34 -> 0.487 | H33: =H34 -> 0.169 | I33: =I34 -> 0.344 | J33: =J34 -> 0 | N33: =N34 -> 0 | O33: =O34 -> 0 | P33: =P34 -> 0
D34: % | G34: 0.487 | H34: 0.169 | I34: 0.344
A36: 7 | B36: =VLOOKUP($A36,[3]Orçamento!$G:$R,4,FALSE) -> RESERVATÓRIOS NOVO AMPARO (2 UND) | C36: ='PLANILHA ORÇAMENTÁRIA'!G239 -> 271696.03 | D36: VALOR | E36: =IF(E38="","",($C36*E38)) | F36: =IF(F38="","",($C36*F38)) | G36: =IF(G38="","",($C36*G38)) -> 120361.34 | H36: =IF(H38="","",($C36*H38)) -> 110308.59 | I36: =IF(I38="","",($C36*I38)) -> 41026.101 | J36: =IF(J38="","",($C36*J38)) | K36: =IF(K38="","",($C36*K38)) | L36: =IF(L38="","",($C36*L38)) | ... P36: =IF(P38="","",($C36*P38))
E37: =E38 -> 0 | F37: =F38 -> 0 | G37: =G38 -> 0.443 | H37: =H38 -> 0.406 | I37: =I38 -> 0.151 | J37: =J38 -> 0 | K37: =K38 -> 0 | L37: =L38 -> 0 | ... P37: =P38 -> 0
D38: % | G38: 0.443 | H38: 0.406 | I38: 0.151
A40: 8 | B40: =VLOOKUP($A40,[3]Orçamento!$G:$R,4,FALSE) -> RESERVATÓRIO CIRCULAR JARDIM BRASIL | C40: ='PLANILHA ORÇAMENTÁRIA'!G319 -> 118911.22 | D40: VALOR | E40: =IF(E42="","",($C40*E42)) | F40: =IF(F42="","",($C40*F42)) | G40: =IF(G42="","",($C40*G42)) | H40: =IF(H42="","",($C40*H42)) -> 44234.974 | I40: =IF(I42="","",($C40*I42)) -> 74676.246 | J40: =IF(J42="","",($C40*J42)) | K40: =IF(K42="","",($C40*K42)) | L40: =IF(L42="","",($C40*L42)) | N40: =IF(N42="","",($C40*N42)) | O40: =IF(O42="","",($C40*O42)) | P40: =IF(P42="","",($C40*P42))
E41: =E42 -> 0 | F41: =F42 -> 0 | G41: =G42 -> 0 | H41: =H42 -> 0.372 | I41: =I42 -> 0.628 | J41: =J42 -> 0 | K41: =K42 -> 0 | L41: =L42 -> 0 | N41: =N42 -> 0 | O41: =O42 -> 0 | P41: =P42 -> 0
D42: % | H42: 0.372 | I42: 0.628
A44: 9 | B44: =VLOOKUP($A44,[3]Orçamento!$G:$R,4,FALSE) -> RESERVATÓRIO RETANGULAR JARDIM BRASIL | C44: ='PLANILHA ORÇAMENTÁRIA'!G340 -> 244668.81 | D44: VALOR | E44: =IF(E46="","",($C44*E46)) | F44: =IF(F46="","",($C44*F46)) | G44: =IF(G46="","",($C44*G46)) | H44: =IF(H46="","",($C44*H46)) -> 115728.35 | I44: =IF(I46="","",($C44*I46)) -> 42817.042 | J44: =IF(J46="","",($C44*J46)) -> 86123.421 | K44: =IF(K46="","",($C44*K46)) | L44: =IF(L46="","",($C44*L46)) | ... P44: =IF(P46="","",($C44*P46))
E45: =E46 -> 0 | F45: =F46 -> 0 | G45: =G46 -> 0 | H45: =H46 -> 0.473 | I45: =I46 -> 0.175 | J45: =J46 -> 0.352 | K45: =K46 -> 0 | L45: =L46 -> 0 | ... P45: =P46 -> 0
D46: % | H46: 0.473 | I46: 0.175 | J46: 0.352
A48: 10 | B48: =VLOOKUP($A48,[3]Orçamento!$G:$R,4,FALSE) -> POÇO ESTÂNCIA SEABRA | C48: ='PLANILHA ORÇAMENTÁRIA'!G382 -> 26505.51 | D48: VALOR | E48: =IF(E50="","",($C48*E50)) | F48: =IF(F50="","",($C48*F50)) | G48: =IF(G50="","",($C48*G50)) | H48: =IF(H50="","",($C48*H50)) | I48: =IF(I50="","",($C48*I50)) | J48: =IF(J50="","",($C48*J50)) -> 14763.569 | K48: =IF(K50="","",($C48*K50)) -> 11741.941 | L48: =IF(L50="","",($C48*L50)) | N48: =IF(N50="","",($C48*N50)) | O48: =IF(O50="","",($C48*O50)) | P48: =IF(P50="","",($C48*P50))
E49: =E50 -> 0 | F49: =F50 -> 0 | G49: =G50 -> 0 | H49: =H50 -> 0 | I49: =I50 -> 0 | J49: =J50 -> 0.557 | K49: =K50 -> 0.443 | L49: =L50 -> 0 | N49: =N50 -> 0 | O49: =O50 -> 0 | P49: =P50 -> 0
D50: % | J50: 0.557 | K50: 0.443
A52: 11 | B52: =VLOOKUP($A52,[3]Orçamento!$G:$R,4,FALSE) -> RECALQUE E POÇO BEIRA RIO | C52: ='PLANILHA ORÇAMENTÁRIA'!G427 -> 20775.209 | D52: VALOR | E52: =IF(E54="","",($C52*E54)) | F52: =IF(F54="","",($C52*F54)) | G52: =IF(G54="","",($C52*G54)) | H52: =IF(H54="","",($C52*H54)) | I52: =IF(I54="","",($C52*I54)) | J52: =IF(J54="","",($C52*J54)) -> 10408.38 | K52: =IF(K54="","",($C52*K54)) -> 10366.829 | L52: =IF(L54="","",($C52*L54)) | ... P52: =IF(P54="","",($C52*P54))
E53: =E54 -> 0 | F53: =F54 -> 0 | G53: =G54 -> 0 | H53: =H54 -> 0 | I53: =I54 -> 0 | J53: =J54 -> 0.501 | K53: =K54 -> 0.499 | L53: =L54 -> 0 | ... P53: =P54 -> 0
D54: % | J54: 0.501 | K54: 0.499
A56: 12 | B56: =VLOOKUP($A56,[3]Orçamento!$G:$R,4,FALSE) -> RECALQUE E POÇO JARDIM CACHOEIRA | C56: ='PLANILHA ORÇAMENTÁRIA'!G464 -> 35545.84 | D56: VALOR | E56: =IF(E58="","",($C56*E58)) | F56: =IF(F58="","",($C56*F58)) | G56: =IF(G58="","",($C56*G58)) | H56: =IF(H58="","",($C56*H58)) | I56: =IF(I58="","",($C56*I58)) | J56: =IF(J58="","",($C56*J58)) -> 15035.89 | K56: =IF(K58="","",($C56*K58)) -> 20509.95 | L56: =IF(L58="","",($C56*L58)) | N56: =IF(N58="","",($C56*N58)) | O56: =IF(O58="","",($C56*O58)) | P56: =IF(P58="","",($C56*P58))
E57: =E58 -> 0 | F57: =F58 -> 0 | J57: =J58 -> 0.423 | K57: =K58 -> 0.577 | L57: =L58 -> 0 | N57: =N58 -> 0 | O57: =O58 -> 0 | P57: =P58 -> 0
D58: % | J58: 0.423 | K58: 0.577
A60: 13 | B60: =VLOOKUP($A60,[3]Orçamento!$G:$R,4,FALSE) -> RESERVATÓRIOS SERRA DAS ESTÂNCIAS | C60: ='PLANILHA ORÇAMENTÁRIA'!G527 -> 222094.62 | D60: VALOR | E60: =IF(E62="","",($C60*E62)) | F60: =IF(F62="","",($C60*F62)) | G60: =IF(G62="","",($C60*G62)) | H60: =IF(H62="","",($C60*H62)) | I60: =IF(I62="","",($C60*I62)) | J60: =IF(J62="","",($C60*J62)) | K60: =IF(K62="","",($C60*K62)) -> 53746.899 | L60: =IF(L62="","",($C60*L62)) -> 126371.84 | ... P60: =IF(P62="","",($C60*P62))
E61: =E62 -> 0 | F61: =F62 -> 0 | G61: =G62 -> 0 | H61: =H62 -> 0 | I61: =I62 -> 0 | J61: =J62 -> 0 | K61: =K62 -> 0.242 | L61: =L62 -> 0.569 | ... P61: =P62 -> 0
D62: % | K62: 0.242 | L62: 0.569 | M62: 0.189
A64: 14 | B64: =VLOOKUP($A64,[3]Orçamento!$G:$R,4,FALSE) -> POÇO ATTILIO MAZZINI | C64: ='PLANILHA ORÇAMENTÁRIA'!G621 -> 14719.73 | D64: VALOR | E64: =IF(E66="","",($C64*E66)) | F64: =IF(F66="","",($C64*F66)) | G64: =IF(G66="","",($C64*G66)) | H64: =IF(H66="","",($C64*H66)) | I64: =IF(I66="","",($C64*I66)) | J64: =IF(J66="","",($C64*J66)) | K64: =IF(K66="","",($C64*K66)) -> 3562.1747 | L64: =IF(L66="","",($C64*L66)) -> 8375.5264 | ... P64: =IF(P66="","",($C64*P66))
E65: =E66 -> 0 | F65: =F66 -> 0 | G65: =G66 -> 0 | H65: =H66 -> 0 | I65: =I66 -> 0 | J65: =J66 -> 0 | K65: =K66 -> 0.242 | L65: =L66 -> 0.569 | ... P65: =P66 -> 0
D66: % | K66: 0.242 | L66: 0.569 | M66: 0.189
A68: 15 | B68: =VLOOKUP($A68,[3]Orçamento!$G:$R,4,FALSE) -> RESERVATÓRIO FLABOYANT DA TORRE | C68: ='PLANILHA ORÇAMENTÁRIA'!G653 -> 153828.77 | D68: VALOR | E68: =IF(E70="","",($C68*E70)) | F68: =IF(F70="","",($C68*F70)) | G68: =IF(G70="","",($C68*G70)) | H68: =IF(H70="","",($C68*H70)) | I68: =IF(I70="","",($C68*I70)) | J68: =IF(J70="","",($C68*J70)) | K68: =IF(K70="","",($C68*K70)) | L68: =IF(L70="","",($C68*L70)) -> 90912.803 | ... P68: =IF(P70="","",($C68*P70))
E69: =E70 -> 0 | F69: =F70 -> 0 | G69: =G70 -> 0 | H69: =H70 -> 0 | I69: =I70 -> 0 | J69: =J70 -> 0 | K69: =K70 -> 0 | L69: =L70 -> 0.591 | ... P69: =P70 -> 0
D70: % | L70: 0.591 | M70: 0.409
A72: 16 | B72: =VLOOKUP($A72,[3]Orçamento!$G:$R,4,FALSE) -> RESERVATÓRIO JARDIM VISTA ALEGRE | C72: ='PLANILHA ORÇAMENTÁRIA'!G700 -> 85874.01 | D72: VALOR | E72: =IF(E74="","",($C72*E74)) | F72: =IF(F74="","",($C72*F74)) | G72: =IF(G74="","",($C72*G74)) | H72: =IF(H74="","",($C72*H74)) | I72: =IF(I74="","",($C72*I74)) | J72: =IF(J74="","",($C72*J74)) | K72: =IF(K74="","",($C72*K74)) | L72: =IF(L74="","",($C72*L74)) -> 51524.406 | ... P72: =IF(P74="","",($C72*P74))
E73: =E74 -> 0 | F73: =F74 -> 0 | G73: =G74 -> 0 | H73: =H74 -> 0 | I73: =I74 -> 0 | J73: =J74 -> 0 | K73: =K74 -> 0 | L73: =L74 -> 0.6 | ... P73: =P74 -> 0
D74: % | L74: 0.6 | M74: 0.4
A76: 17 | B76: =VLOOKUP($A76,[3]Orçamento!$G:$R,4,FALSE) -> REFORMA ETA IV | C76: ='PLANILHA ORÇAMENTÁRIA'!G733 -> 81463.25 | D76: VALOR | E76: =IF(E78="","",($C76*E78)) | F76: =IF(F78="","",($C76*F78)) | G76: =IF(G78="","",($C76*G78)) | H76: =IF(H78="","",($C76*H78)) | I76: =IF(I78="","",($C76*I78)) | J76: =IF(J78="","",($C76*J78)) | K76: =IF(K78="","",($C76*K78)) | L76: =IF(L78="","",($C76*L78)) -> 23054.1 | ... P76: =IF(P78="","",($C76*P78))
E77: =E78 -> 0 | F77: =F78 -> 0 | G77: =G78 -> 0 | H77: =H78 -> 0 | I77: =I78 -> 0 | J77: =J78 -> 0 | K77: =K78 -> 0 | L77: =L78 -> 0.283 | ... P77: =P78 -> 0
D78: % | L78: 0.283 | M78: 0.481 | N78: 0.236
A80: 18 | B80: =VLOOKUP($A80,[3]Orçamento!$G:$R,4,FALSE) -> RESERVATÓRIO PARQUE MODELO | C80: ='PLANILHA ORÇAMENTÁRIA'!G789 -> 293821.99 | D80: VALOR | E80: =IF(E82="","",($C80*E82)) | F80: =IF(F82="","",($C80*F82)) | G80: =IF(G82="","",($C80*G82)) | H80: =IF(H82="","",($C80*H82)) | I80: =IF(I82="","",($C80*I82)) | J80: =IF(J82="","",($C80*J82)) | K80: =IF(K82="","",($C80*K82)) | L80: =IF(L82="","",($C80*L82)) | ... P80: =IF(P82="","",($C80*P82))
E81: =E82 -> 0 | F81: =F82 -> 0 | G81: =G82 -> 0 | H81: =H82 -> 0 | I81: =I82 -> 0 | J81: =J82 -> 0 | K81: =K82 -> 0 | L81: =L82 -> 0 | ... P81: =P82 -> 0
D82: % | M82: 0.405 | N82: 0.262 | O82: 0.333
A84: 19 | B84: =VLOOKUP($A84,[3]Orçamento!$G:$R,4,FALSE) -> RESERVATÓRIO JARDIM VITÓRIA/NOVA ERA | C84: ='PLANILHA ORÇAMENTÁRIA'!G846 -> 231187.83 | D84: VALOR | E84: =IF(E86="","",($C84*E86)) | F84: =IF(F86="","",($C84*F86)) | G84: =IF(G86="","",($C84*G86)) | H84: =IF(H86="","",($C84*H86)) | I84: =IF(I86="","",($C84*I86)) | J84: =IF(J86="","",($C84*J86)) | K84: =IF(K86="","",($C84*K86)) | L84: =IF(L86="","",($C84*L86)) | ... P84: =IF(P86="","",($C84*P86)) -> 95480.576
E85: =E86 -> 0 | F85: =F86 -> 0 | G85: =G86 -> 0 | H85: =H86 -> 0 | I85: =I86 -> 0 | J85: =J86 -> 0 | K85: =K86 -> 0 | L85: =L86 -> 0 | ... P85: =P86 -> 0.413
D86: % | N86: 0.223 | O86: 0.364 | P86: 0.413
A88: 20 | B88: =VLOOKUP($A88,[3]Orçamento!$G:$R,4,FALSE) -> RESERVATÓRIO PARQUE DO SOL | C88: ='PLANILHA ORÇAMENTÁRIA'!G923 -> 220973.92 | D88: VALOR | E88: =IF(E90="","",($C88*E90)) | F88: =IF(F90="","",($C88*F90)) | G88: =IF(G90="","",($C88*G90)) | H88: =IF(H90="","",($C88*H90)) | I88: =IF(I90="","",($C88*I90)) | J88: =IF(J90="","",($C88*J90)) | K88: =IF(K90="","",($C88*K90)) | L88: =IF(L90="","",($C88*L90)) | ... P88: =IF(P90="","",($C88*P90)) -> 66292.176
E89: =E90 -> 0 | F89: =F90 -> 0 | G89: =G90 -> 0 | H89: =H90 -> 0 | I89: =I90 -> 0 | J89: =J90 -> 0 | K89: =K90 -> 0 | L89: =L90 -> 0 | ... P89: =P90 -> 0.3
D90: % | N90: 0.371 | O90: 0.329 | P90: 0.3
A92: 21 | B92: =VLOOKUP($A92,[3]Orçamento!$G:$R,4,FALSE) -> RECALQUE PARQUE DO SOL | C92: ='PLANILHA ORÇAMENTÁRIA'!G982 -> 82845.49 | D92: VALOR | E92: =IF(E94="","",($C92*E94)) | F92: =IF(F94="","",($C92*F94)) | G92: =IF(G94="","",($C92*G94)) | H92: =IF(H94="","",($C92*H94)) | I92: =IF(I94="","",($C92*I94)) | J92: =IF(J94="","",($C92*J94)) | K92: =IF(K94="","",($C92*K94)) | L92: =IF(L94="","",($C92*L94)) | ... P92: =IF(P94="","",($C92*P94)) -> 28333.158
E93: =E94 -> 0 | F93: =F94 -> 0 | G93: =G94 -> 0 | H93: =H94 -> 0 | I93: =I94 -> 0 | J93: =J94 -> 0 | K93: =K94 -> 0 | L93: =L94 -> 0 | ... P93: =P94 -> 0.342
D94: % | O94: 0.658 | P94: 0.342
A96: 22 | B96: =VLOOKUP($A96,[3]Orçamento!$G:$R,4,FALSE) -> #N/A | C96: =SUMIF([3]Orçamento!G:G,A:A,[3]Orçamento!R:R) -> #VALUE! | D96: VALOR | E96: =IF(E98="","",($C96*E98)) | F96: =IF(F98="","",($C96*F98)) | G96: =IF(G98="","",($C96*G98)) | H96: =IF(H98="","",($C96*H98)) | I96: =IF(I98="","",($C96*I98)) | J96: =IF(J98="","",($C96*J98)) | K96: =IF(K98="","",($C96*K98)) | L96: =IF(L98="","",($C96*L98)) | N96: =IF(N98="","",($C96*N98)) | O96: =IF(O98="","",($C96*O98)) | P96: =IF(P98="","",($C96*P98))
E97: =E98 -> 0 | F97: =F98 -> 0 | G97: =G98 -> 0 | H97: =H98 -> 0 | I97: =I98 -> 0 | J97: =J98 -> 0 | K97: =K98 -> 0 | L97: =L98 -> 0 | N97: =N98 -> 0 | O97: =O98 -> 0 | P97: =P98 -> 0
D98: %
A100: 23 | B100: =VLOOKUP($A100,[3]Orçamento!$G:$R,4,FALSE) -> #N/A | C100: =SUMIF([3]Orçamento!G:G,A:A,[3]Orçamento!R:R) -> #VALUE! | D100: VALOR | E100: =IF(E102="","",($C100*E102)) | F100: =IF(F102="","",($C100*F102)) | G100: =IF(G102="","",($C100*G102)) | H100: =IF(H102="","",($C100*H102)) | I100: =IF(I102="","",($C100*I102)) | J100: =IF(J102="","",($C100*J102)) | K100: =IF(K102="","",($C100*K102)) | L100: =IF(L102="","",($C100*L102)) | N100: =IF(N102="","",($C100*N102)) | O100: =IF(O102="","",($C100*O102)) | P100: =IF(P102="","",($C100*P102))
E101: =E102 -> 0 | F101: =F102 -> 0 | G101: =G102 -> 0 | H101: =H102 -> 0 | I101: =I102 -> 0 | J101: =J102 -> 0 | K101: =K102 -> 0 | L101: =L102 -> 0 | N101: =N102 -> 0 | O101: =O102 -> 0 | P101: =P102 -> 0
D102: %
A104: 24 | B104: =VLOOKUP($A104,[3]Orçamento!$G:$R,4,FALSE) -> #N/A | C104: =SUMIF([3]Orçamento!G:G,A:A,[3]Orçamento!R:R) -> #VALUE! | D104: VALOR | E104: =IF(E106="","",($C104*E106)) | L104: =IF(L106="","",($C104*L106))
E105: =E106 -> 0 | L105: =L106 -> 0 | N105: =N106 -> 0 | O105: =O106 -> 0 | P105: =P106 -> 0
D106: %
A108: 25 | B108: =VLOOKUP($A108,[3]Orçamento!$G:$R,4,FALSE) -> #N/A | C108: =SUMIF([3]Orçamento!G:G,A:A,[3]Orçamento!R:R) -> #VALUE! | D108: VALOR | E108: =IF(E110="","",($C108*E110)) | N108: =IF(N110="","",($C108*N110)) | O108: =IF(O110="","",($C108*O110)) | P108: =IF(P110="","",($C108*P110))
E109: =E110 -> 0 | N109: =N110 -> 0 | O109: =O110 -> 0 | P109: =P110 -> 0
D110: %
A112: 26 | B112: =VLOOKUP($A112,[3]Orçamento!$G:$R,4,FALSE) -> #N/A | C112: =SUMIF([3]Orçamento!G:G,A:A,[3]Orçamento!R:R) -> #VALUE! | D112: VALOR | E112: =IF(E114="","",($C112*E114)) | N112: =IF(N114="","",($C112*N114)) | O112: =IF(O114="","",($C112*O114)) | P112: =IF(P114="","",($C112*P114))
E113: =E114 -> 0 | N113: =N114 -> 0 | O113: =O114 -> 0 | P113: =P114 -> 0
D114: %
A116: 27 | B116: =VLOOKUP($A116,[3]Orçamento!$G:$R,4,FALSE) -> #N/A | C116: =SUMIF([3]Orçamento!G:G,A:A,[3]Orçamento!R:R) -> #VALUE! | D116: VALOR | E116: =IF(E118="","",($C116*E118)) | N116: =IF(N118="","",($C116*N118)) | O116: =IF(O118="","",($C116*O118)) | P116: =IF(P118="","",($C116*P118))
E117: =E118 -> 0 | N117: =N118 -> 0 | O117: =O118 -> 0 | P117: =P118 -> 0
D118: %
A120: 28 | B120: =VLOOKUP($A120,[3]Orçamento!$G:$R,4,FALSE) -> #N/A | C120: =SUMIF([3]Orçamento!G:G,A:A,[3]Orçamento!R:R) -> #VALUE! | D120: VALOR | E120: =IF(E122="","",($C120*E122)) | N120: =IF(N122="","",($C120*N122)) | O120: =IF(O122="","",($C120*O122)) | P120: =IF(P122="","",($C120*P122))
E121: =E122 -> 0 | N121: =N122 -> 0 | O121: =O122 -> 0 | P121: =P122 -> 0
D122: %
A124: 29 | B124: =VLOOKUP($A124,[3]Orçamento!$G:$R,4,FALSE) -> #N/A | C124: =SUMIF([3]Orçamento!G:G,A:A,[3]Orçamento!R:R) -> #VALUE! | D124: VALOR | E124: =IF(E126="","",($C124*E126)) | N124: =IF(N126="","",($C124*N126)) | O124: =IF(O126="","",($C124*O126)) | P124: =IF(P126="","",($C124*P126))
E125: =E126 -> 0 | N125: =N126 -> 0 | O125: =O126 -> 0 | P125: =P126 -> 0
D126: %
A128: 30 | B128: =VLOOKUP($A128,[3]Orçamento!$G:$R,4,FALSE) -> #N/A | C128: =SUMIF([3]Orçamento!G:G,A:A,[3]Orçamento!R:R) -> #VALUE! | D128: VALOR | E128: =IF(E130="","",($C128*E130)) | N128: =IF(N130="","",($C128*N130)) | O128: =IF(O130="","",($C128*O130)) | P128: =IF(P130="","",($C128*P130))
E129: =E130 -> 0 | N129: =N130 -> 0 | O129: =O130 -> 0 | P129: =P130 -> 0
D130: %
A132: 31 | B132: =VLOOKUP($A132,[3]Orçamento!$G:$R,4,FALSE) -> #N/A | C132: =SUMIF([3]Orçamento!G:G,A:A,[3]Orçamento!R:R) -> #VALUE! | D132: VALOR | E132: =IF(E134="","",($C132*E134)) | N132: =IF(N134="","",($C132*N134)) | O132: =IF(O134="","",($C132*O134)) | P132: =IF(P134="","",($C132*P134))
E133: =E134 -> 0 | N133: =N134 -> 0 | O133: =O134 -> 0 | P133: =P134 -> 0
D134: %
...

Sheet BDI
A1: INSERIR LOGO DA EMPRESA | B1: PREENCHER - NOME DA EMPRESA
B2: PREENCHER - CNPJ
B3: PREENCHER - ENDEREÇO / TELEFONE / E-MAIL
A5: DETALHAMENTO DO BDI
A7: SIGLAS | B7: ITENS | D7: VALORES
A8: AC | B8: TAXA DE ADMINISTRAÇÃO CENTRAL
A9: DF | B9: TAXA DE DESPESAS FINANCEIRAS
A10: R | B10: TAXA DE RISCO
A11: S + G | B11: TAXA DE SEGURO E GARANTIA
A12: I | B12: TAXA DE TRIBUTOS | C12: PIS
C13: COFINS
C14: ISS
C15: CPRB (INSS)
A16: L | B16: TAXA DE LUCRO
B18: Benefícios e Despesas Indiretas (BDI): | D18: =ROUND((((1+$D$8+$D$10+$D$11)*(1+$D$9)*(1+$D$16))/(1-SUM($D$12:$D$15)))-1,4) -> 0
A20: Fórmula utilizada:
A31: ______________________________________
A32: RESPONSÁVEL TÉCNICO
A33: CARGO NA EMPRESA
A34: CPF
